AoeStats
← Tanana

Nomad

508702300Analyzed
4v4 RM · 8d ago on Sep 23, 2026· 32m 37s· 8 players
Game mode
Random Map
Map size
231×231
Population
200
Speed
Normal
Resources
Standard
Victory
Conquest
Starting age
Dark Age
Ending age
Imperial Age
RankedLock teamsTeams togetherTeam positionsShared explorationLock speedFull tech treeHidden civsTurbo modeCheats
Victory
Defeat
🇩🇪 Poles · Germany
1362
+17
🇩🇪 Vietnamese · Germany
1324
+18
🇩🇪 Persians · Germany
1324
+18
🇩🇪 Koreans · Germany
1322
+18
🇹🇷 Huns · Türkiye
1382
-18
🇳🇴 Malians · Norway
1379
-18
🇧🇷 Varangians · Brazil
1377
-18
🇲🇽 Vikings · Mexico
1342
-17
david.indie108
4:06 Loom
14:39 Feudal Age
15:05 Double-Bit Axe
15:16 Fishing Lines
15:43 Horse Collar
16:02 Gold Mining
17:40 Town Watch
18:05 Horse Collar
21:19 Castle Age
19:42 Stone Mining
22:09 Bow Saw
22:00 Heavy Plow
22:37 Gold Shaft Mining
23:06 Pikeman
23:47 Squires
23:58 Forging
23:48 Scale Mail Armor
26:34 Man-at-Arms
27:33 Arson
27:37 Long Swordsman
30:25 Fletching
31:38 Padded Archer Armor
New Villager
7:21 Loom
14:01 Feudal Age
15:11 Fishing Lines
17:53 Castle Age
15:52 Fishing Lines
16:04 Double-Bit Axe
16:52 Scale Mail Armor
16:52 Horse Collar
26:28 Fervor
26:39 Sanctity
26:28 Gillnets
28:34 Chain Mail Armor
28:36 Man-at-Arms
29:17 Squires
29:02 Arson
28:38 Pikeman
29:49 Long Swordsman
30:41 Forging
mRt_Khan
3:58 Loom
13:25 Feudal Age
17:51 Castle Age
16:13 Fletching
16:31 Double-Bit Axe
19:48 Crossbowman
20:43 Bow Saw
21:43 Town Watch
24:07 Bodkin Arrow
26:23 Town Watch
27:55 Ballistics
32:34 Wheelbarrow
[ GG ] SHAKA
3:27 Loom
4:44 Loom
13:37 Feudal Age
14:13 Double-Bit Axe
16:04 Fishing Lines
21:49 Castle Age
20:50 Stone Mining
21:21 Horse Collar
21:35 Gold Mining
23:04 Bow Saw
23:40 Gillnets
24:29 Medium Warships
Fürst Zono
3:54 Loom
12:35 Feudal Age
16:25 Castle Age
16:15 Double-Bit Axe
17:37 Bow Saw
19:23 Scale Barding Armor
19:46 Horse Collar
20:42 Forging
20:54 Heavy Plow
21:54 Bloodlines
21:58 Town Watch
24:09 Chain Barding Armor
27:35 Stone Mining
29:17 Wheelbarrow
33:58 Imperial Age
32:15 Hand Cart
32:49 Husbandry
33:26 Iron Casting
I still hate Goths
3:15 Loom
12:46 Feudal Age
16:43 Castle Age
15:19 Double-Bit Axe
17:38 Fletching
19:50 Town Watch
21:15 Horse Collar
25:55 Scale Barding Armor
27:44 Bloodlines
30:27 Bodkin Arrow
31:04 Husbandry
31:38 Chain Barding Armor
33:06 Wheelbarrow
I still love Koreans
4:40 Loom
12:50 Feudal Age
16:24 Castle Age
16:03 Double-Bit Axe
17:11 Wheelbarrow
16:42 Fletching
18:35 Bodkin Arrow
20:19 Fishing Lines
24:06 Careening
24:06 Clinker Construction
26:34 Town Watch
28:03 Gillnets
29:42 Town Patrol
30:01 Man-at-Arms
30:44 Scale Mail Armor
30:54 Forging
30:59 Long Swordsman
35:38 Imperial Age
33:10 Squires
Tanana
5:13 Loom
13:46 Feudal Age
17:49 Castle Age
17:06 Double-Bit Axe
17:47 Horse Collar
18:50 Fletching
21:06 Crossbowman
26:03 Thumb Ring
29:11 Padded Archer Armor
29:12 Bodkin Arrow
31:05 Wheelbarrow
Connection lost

Rejoining the realm…

Still unreachable

The connection could not be restored.

Session expired

The server has moved on; the page needs a fresh start.